 Dungeon Sprint DCSS version 0.23.2-30-g0e89c35649 (webtiles) character file.

Game seed: 2768688370001109879

38 Groucho the Sneak (level 3, 0/17 HPs)
             Began as a Spriggan Enchanter on June 13, 2019.
             Was a Believer of Dithmenos.
             Slain by Grinder (8 damage)
             ... while paralysed by Grinder
             ... in the Dungeon (Sprint VII: "The Pits").
             The game lasted 00:03:42 (1506 turns).

Groucho the Sneak (Spriggan Enchanter)              Turns: 1506, Time: 00:03:42

Health: 0/17       AC:  2    Str:  5    XL:     3   Next: 25%
Magic:  5/9        EV:  4    Int: 16    God:    Dithmenos [**....]
Gold:   0          SH:  0    Dex: 16    Spells: 7/10 levels left

rFire    . . .     SeeInvis +   c - +2 dagger
rCold    . . .     Gourm    .   (shield restricted)
rNeg     . . .     Faith    .   b - +0 robe
rPois    .         Spirit   .   (helmet restricted)
rElec    .         Reflect  .   (no cloak)
rCorr    .         Harm     .   (gloves unavailable)
MR       .....     NoTele   +   (boots unavailable)
Stlth    +++++.....             (no amulet)
HPRegen  0.05/turn              (no ring)
MPRegen  0.11/turn              (no ring)

@: paralysed, wreathed by umbra, very quick
A: very small, unfitting armour, see invisible, herbivore, speed 3, slow
metabolism 2
a: Shadow Step, Renounce Religion


You were in the Dungeon.
You worshipped Dithmenos.
Dithmenos was pleased with you.
You were not hungry.

You visited 1 branch

Inventory:

Hand Weapons
 c - a +2 dagger (weapon)
 o - a +1 quarterstaff of protection
Missiles
 n - 14 stones (quivered)
Armour
 b - a +0 robe (worn)
Scrolls
 j - a scroll of blinking
 k - 3 scrolls of remove curse
 l - 5 scrolls of amnesia
 m - a scroll of summoning
Potions
 a - 2 potions of invisibility
 e - 6 potions of curing
 f - 6 potions of heal wounds
 g - a potion of haste
 h - 4 potions of magic
 i - 2 potions of berserk rage
Comestibles
 d - 9 rations


   Skills:
 + Level 0.9 Fighting
 * Level 2.4 Short Blades
 + Level 3.6 Dodging
 * Level 7.3 Stealth
 * Level 4.4 Spellcasting
 * Level 5.1 Hexes


You had 7 spell levels left.
You knew the following spells:

 Your Spells              Type           Power        Failure   Level  Hunger
a - Corona                Hex            ###....      1%          1    None
b - Ensorcelled Hibernat  Hex/Ice        ##....       9%          2    ##.....

Your spell library contained the following spells:

 Spells                   Type           Power        Failure   Level  Hunger
 Confuse                  Hex            ###.....     6%          3    ###....
 Tukima's Dance           Hex            ###.....     6%          3    ###....
 Dazzling Spray           Conj/Hex       ##....       17%         3    ###....


Dungeon Overview and Level Annotations

Branches:
Dungeon (1/1)

Altars:
Ashenzari
Cheibriados
Dithmenos
Elyvilon
Fedhas
Gozag
Hepliaklqana
Kikubaaqudgha
Makhleb
Nemelex Xobeh
Okawaru
Qazlal
Ru
Sif Muna
Trog
Uskayaw
Vehumet
Wu Jian
Xom
Yredelemnul
Zin
The Shining One
Beogh
Jiyva
Lugonu

Annotations:
D Grinder


Innate Abilities, Weirdness & Mutations

You are very small and have problems with some larger weapons.
You are too small for most types of armour.
You have supernaturally acute eyesight. (SInv)
You are a herbivore.
You cover ground extremely quickly.
You need to consume almost no food.


Message History

Grinder comes into view.
A frilled lizard, a wolf, a crimson imp and an iron imp come into view.
There is an open door here.
Aiming: Shadow Step
Press: ? - help, Dir - move target cursor, f - Grinder
Aim: Grinder (resting, umbra)
You step into Grinder's shadow.
The helpless Grinder fails to defend herself.
You impale Grinder!!
Grinder is almost dead.
Grinder gestures at you.
You suddenly lose the ability to move!
Grinder gestures at you. You resist with significant effort.
Grinder says, "Are you a fish?" Grinder gestures at you.
Pain shoots through your body! Grinder hits you.
You writhe in agony.
Grinder hits you!
You die...

#.#..#####.##.......
#.#..'...#)##.......
#.#..'...'.##.......
#.#..########...<...
#.#..'..))[##.......
#.#.)#.)))[##.......
#'###########.......
#......l# ########
#..@....# #..5#...#
#..## .5# #... .#
#... # #h..5 ###


You could see Grinder, a wolf (sleeping), a crimson imp (sleeping) and a frilled
lizard (sleeping).

Vanquished Creatures
  A worker ant (D)
  An ufetubus (D)
  A leopard gecko (D)
  An orc (D)
  2 jackals (D)
  3 frilled lizards (D)
  A kobold (D)
10 creatures vanquished.

Notes
Turn   | Place    | Note
-------+----------+-------------------------------------------
     0 | D        | Groucho the Spriggan Enchanter began the quest for the Orb.
     0 | D        | Reached XP level 1. HP: 9/9 MP: 5/5
    40 | D        | Found a bloodstained altar of Trog.
    40 | D        | Found a deep blue altar of Sif Muna.
    40 | D        | Found a viscous altar of Jiyva.
    40 | D        | Found a hazy altar of Hepliaklqana.
    40 | D        | Found an opulent altar of Gozag.
    41 | D        | Found a glowing golden altar of the Shining One.
    41 | D        | Found a glowing silver altar of Zin.
    41 | D        | Found a basalt altar of Yredelemnul.
    41 | D        | Found a shimmering altar of Xom.
    41 | D        | Found an ornate altar of the Wu Jian Council.
    41 | D        | Found a sacrificial altar of Ru.
    41 | D        | Found a stormy altar of Qazlal.
    41 | D        | Found an iron altar of Okawaru.
    41 | D        | Found a sparkling altar of Nemelex Xobeh.
    41 | D        | Found a burning altar of Makhleb.
    41 | D        | Found a blossoming altar of Fedhas.
    41 | D        | Found a white marble altar of Elyvilon.
    41 | D        | Found a shadowy altar of Dithmenos.
    41 | D        | Found a snail-covered altar of Cheibriados.
    43 | D        | Found a radiant altar of Vehumet.
    43 | D        | Found a corrupted altar of Lugonu.
    43 | D        | Found a roughly hewn altar of Beogh.
    44 | D        | Found a hide-covered altar of Uskayaw.
    44 | D        | Found an ancient bone altar of Kikubaaqudgha.
    44 | D        | Found a shattered altar of Ashenzari.
    51 | D        | Became a worshipper of Dithmenos the Shadowed
    72 | D        | Reached skill level 6 in Stealth
   543 | D        | Reached * piety under Dithmenos
   543 | D        | Reached XP level 2. HP: 13/13 MP: 5/7
   551 | D        | Learned a level 2 spell: Ensorcelled Hibernation
   637 | D        | Reached ** piety under Dithmenos
   637 | D        | Reached skill level 7 in Stealth
   637 | D        | Reached skill level 5 in Hexes
   637 | D        | Reached XP level 3. HP: 17/17 MP: 5/9
  1497 | D        | Noticed Grinder
  1500 | D        | Noticed a wolf
  1502 | D        | Paralysed by Grinder for 7 turns
  1506 | D        | Slain by Grinder

Skill      XL: |  1  2 |
---------------+-------+-----
Stealth        | 6 7 |  7.3
Spellcasting   | 3 4 |  4.4
Hexes          | 4 5 |  5.1
Short Blades   | 2 |  2.4
Fighting       | |  0.9
Dodging        | |  3.6

Action                   || total
-------------------------++-------
Melee: Dagger            ||    42
Throw: Stone             ||     2
 Cast: Ensorcelled Hiber ||     6
Invok: Shadow Step       ||     1
  Use: Potion            ||     1
 Stab: Sleeping          ||     4
Armor: Robe              ||     1
Dodge: Dodged            ||    31
